 Dungeon Crawl Stone Soup version 0.24-a0-264-gf46a388 (webtiles) character file.

Game seed: 15322560870797322671

31 mhoghedin the Skirmisher (level 3, 0/33 HPs)
             Began as a Centaur Fighter on Apr 20, 2019.
             Succumbed to an adder's poison
             ... on level 2 of the Dungeon.
             The game lasted 00:00:53 (174 turns).

mhoghedin the Skirmisher (Centaur Fighter)           Turns: 174, Time: 00:00:54

Health: 0/33       AC:  6    Str: 18    XL:     3   Next: 7%
Magic:  3/3        EV:  5    Int:  7    God:
Gold:   51         SH:  8    Dex:  9    Spells: 2/2 levels left

rFire    . . .     SeeInvis .   a - +0 flail
rCold    . . .     Gourm    .   c - +0 shield
rNeg     . . .     Faith    .   b - +0 scale mail
rPois    .         Spirit   .   (no helmet)
rElec    .         Reflect  .   (no cloak)
rCorr    .         Harm     .   (no gloves)
MR       .....                  (no barding)
Stlth    ..........             (no amulet)
HPRegen  0.00/turn              (no ring)
MPRegen  0.08/turn              (no ring)

@: lethally poisoned (0 -> -11), very quick
A: large, hooves 3, deformed body, speed 2, mutation resistance 1, inhibited
regeneration, tough skin 3, no potion heal 1
a: no special abilities


You were on level 2 of the Dungeon.
You were not hungry.

You visited 1 branch of the dungeon, and saw 2 of its levels.

You collected 51 gold pieces.

Inventory:

Hand Weapons
 a - a +0 flail (weapon)
Armour
 b - a +0 scale mail (worn)
 c - a +0 shield (worn)
 h - a +1 centaur barding
   (You found it on level 1 of the Dungeon)
Scrolls
 e - a scroll of remove curse {unknown}
Comestibles
 f - 2 rations


   Skills:
 + Level 3.6 Fighting
 + Level 2.6 Maces & Flails
 - Level 2.1 Armour
 - Level 2.1 Shields


You had 2 spell levels left.
You didn't know any spells.
Your spell library was empty.

Dungeon Overview and Level Annotations

Branches:
Dungeon (1/15)

Altars:

Annotations:
D:2 Jessica, Natasha


Innate Abilities, Weirdness & Mutations

You have hooves in place of feet.
Armour fits poorly on your strangely shaped body.
You cover ground very quickly.
You have extremely tough skin. (AC +3)
You are somewhat resistant to further mutation.
You do not regenerate when monsters are visible.
Potions are less effective at restoring your health.


Message History

Unknown command.
Terence the Incautious comes into view.
He is wielding a +0 mace.
Terence shouts!
You hear a shout!
An adder comes into view.
A rat comes into view.
Terence hits you with a +0 mace.
You take 5 damage, and have 14/19 hp.
MASSIVE DAMAGE!!
You closely miss Terence. You kick Terence, but do no damage.
Terence hits you with a +0 mace.
You take 2 damage, and have 12/19 hp.
You barely miss Terence. You kick Terence.
Jessica the Apprentice Sorceress comes into view.
She is wielding a +0 club.
You block Terence's attack.
A worker ant comes into view.
Jessica mumbles some strange words.
Jessica blinks!
Jessica moves out of view.
You feel very mighty all of a sudden.
The worker ant twitches its antennae in your direction.
Terence hits you with a +0 mace.
You take 1 damage, and have 12/19 hp.
Your shield and scale mail prevent you from hitting Terence.
You kick Terence. You block Terence's attack.
You hit Terence. You kick Terence. Terence hits you but does no damage.
You bludgeon Terence!!
You kill Terence!
You have reached level 2!
You have reached level 3!
Your experience leads to an increase in your attributes!
Your base attributes are Str 18, Int 7, Dex 8.
Increase (S)trength, (I)ntelligence, or (D)exterity?
You feel agile. The adder bites you but does no damage.
You regained 9 hp, and now have 21/33 hp.
MP restored: 3 You barely miss the adder.
The adder bites you. x2
You are poisoned.
The adder poisons you!
You take 4 damage, and have 17/33 hp.
You barely miss the adder.
You feel sick. You block the adder's attack.
The rat twitches its whiskers.
You take 1 damage, and have 16/33 hp.
You closely miss the adder. Your kick misses the adder.
The adder bites you but does no damage. The adder bites you.
You take 1 damage, and have 15/33 hp.
Your shield and scale mail prevent you from hitting the adder.
You feel sick. The adder bites you.
You are more poisoned.
The adder poisons you!
You take 1 damage, and have 14/33 hp.
Unknown command.
Your shield and scale mail prevent you from hitting the adder.
Your kick misses the adder.
You feel sick. The adder bites you.
You are lethally poisoned!
The adder poisons you! The adder bites you but does no damage.
Jessica mumbles some strange words.
Jessica seems to speed up.
The worker ant waves its antennae.
You take 2 damage, and have 12/33 hp.
Unknown command.
You hit the adder.
You feel sick. The adder bites you but does no damage. The adder bites you.
* * * LOW HITPOINT WARNING * * *
You are more poisoned.
The adder poisons you!
You take 3 damage, and have 9/33 hp.
Unknown command.
It was a potion of mutation.
You feel extremely strange.
Your regeneration stops near monsters.
You feel genetically stable.
Your system partially rejects the healing effects of potions.
* * * LOW HITPOINT WARNING * * *
You feel sick. You block the adder's attack.
You take 1 damage, and have 8/33 hp.
It was a potion of cancellation.
Your magical effects are unravelling.
You feel magically purged.
You feel a little less mighty now.
* * * LOW HITPOINT WARNING * * *
You feel sick. You block the adder's attack. The adder bites you.
* * * LOW HITPOINT WARNING * * *
You take 2 damage, and have 6/33 hp.
* * * LOW HITPOINT WARNING * * *
You feel sick.
You take 1 damage, and have 5/33 hp.
* * * LOW HITPOINT WARNING * * *
You feel sick.
You take 1 damage, and have 4/33 hp.
Unknown command.
Natasha, Servant of Life and Death comes into view.
* * * LOW HITPOINT WARNING * * *
You feel sick.
Natasha hisses angrily.
You take 1 damage, and have 3/33 hp.
* * * LOW HITPOINT WARNING * * *
You feel sick.
You take 1 damage, and have 2/33 hp.
* * * LOW HITPOINT WARNING * * *
You feel sick. You block the adder's attack.
You take 1 damage, and have 1/33 hp.
You die...

## .# . #.# .##
#.. .># ...
##.##.# .....#
#....# ##@# #..#
#S##
#.######.####...
#.@a)r.r......h.
#....#####.#####.#
#.. #.# . ..# ###


You could see an adder and a rat.

Vanquished Creatures
  Terence (D:2)
  An ooze (D:1)
  2 rats (D:1)
4 creatures vanquished.

Notes
Turn   | Place    | Note
-------+----------+-------------------------------------------
     0 | D:1      | mhoghedin the Centaur Fighter began the quest for the Orb.
     0 | D:1      | Reached XP level 1. HP: 19/19 MP: 1/1
   106 | D:1      | Reached skill level 2 in Maces & Flails
   147 | D:1      | You fall through a shaft!
   149 | D:2      | Noticed Terence
   154 | D:2      | Noticed Jessica
   154 | D:2      | Noticed a worker ant
   158 | D:2      | Killed Terence
   158 | D:2      | Reached XP level 2. HP: 17/27 MP: 2/2
   158 | D:2      | Reached XP level 3. HP: 21/33 MP: 3/3
   165 | D:2      | Gained mutation: You do not regenerate when monsters are
                  | visible. [potion of mutation]
   165 | D:2      | Gained mutation: You are somewhat resistant to further
                  | mutation. [potion of mutation]
   165 | D:2      | Gained mutation: Potions are less effective at restoring
                  | your health. [potion of mutation]
   165 | D:2      | HP: 8/33 [poisoned by an adder]
   169 | D:2      | Noticed Natasha
   169 | D:2      | HP: 3/33 [poisoned by an adder]
   173 | D:2      | HP: 1/33 [poisoned by an adder]
   174 | D:2      | Succumbed to an adder's poison

Levels and vault maps discovered:
D:1:      lordsloth_arrival_two_stooges, layout_rooms
D:2:      layout_rooms, first_ration, minmay_small_reverse_x, uniq_terence,
          uniq_natasha, uniq_jessica

Skill      XL: |  1 |
---------------+----+-----
Maces & Flails | 2 |  2.6
Fighting       | |  3.6
Armour         | |  2.1
Shields        | |  2.1

Action                   || total
-------------------------++-------
Melee: Flail             ||    19
       Kick              ||     7
  Use: Potion            ||     3
Armor: Scale mail        ||     6
Dodge: Dodged            ||     4
Block: Shield            ||     8

Table legend:
 A = Non-vault XP
 B = Vault XP
 C = Vault XP percentage of total XP
 D = Non-vault monster count
 E = Vault monster count
 F = Vault count percentage of total count
                 A         B        C        D         E       F
            +---------+---------+-------+---------+---------+-------
      Total |       9 |      36 |  80.0 |       3 |       1 |  25.0
            +---------+---------+-------+---------+---------+-------
        D:1 |       9 |       0 |   0.0 |       3 |       0 |   0.0
        D:2 |       0 |      36 | 100.0 |       0 |       1 | 100.0
            +---------+---------+-------+---------+---------+-------

Levels and vault maps discovered:
D:1:      lordsloth_arrival_two_stooges, layout_rooms
D:2:      layout_rooms, first_ration, minmay_small_reverse_x, uniq_terence,
          uniq_natasha, uniq_jessica

Table legend:
 A = Turns spent in this place as a percentage of turns spent in the entire game.
 B = Non-inter-level travel turns spent in this place as a percentage of non-inter-level travel turns spent in the entire game.
 C = Inter-level travel turns spent in this place as a percentage of turns spent in this place.
 D = Turns resting spent in this place as a percentage of non-inter-level travel turns spent in this place.
 E = Turns spent auto-exploring this place as a percentage of non-inter-level travel turns spent in this place.
 F = Non-inter-level travel turns spent in this place divided by the number of levels of this place that you've seen.
                   A       B       C       D       E      F
               +-------+-------+-------+-------+-------+----------------------
         Total | 100.0 | 100.0 |   0.0 |   0.0 |  64.4 |  87.0
       Dungeon | 100.0 | 100.0 |   0.0 |   0.0 |  64.4 |  87.0
               +-------+-------+-------+-------+-------+----------------------

Table legend:
 A = Kills in this place as a percentage of kills in entire the game.
 B = Kills by you in this place as a percentage of kills by you in the entire game.
 C = Kills by friends in this place as a percentage of kills by friends in the entire game.
 D = Other kills in this place as a percentage of other kills in the entire game.
 E = Experience gained in this place as a percentage of experience gained in the entire game.
 F = Experience gained in this place divided by the number of levels of this place that you have seen.
                   A       B       C       D       E      F
               +-------+-------+-------+-------+-------+----------------------
         Total | 100.0 | 100.0 |   N/A |   N/A | 100.0 |  22.5
       Dungeon | 100.0 | 100.0 |   N/A |   N/A | 100.0 |  22.5
               +-------+-------+-------+-------+-------+----------------------
